 Dungeon Crawl Stone Soup version 0.28.0-49-g6dfe1f597d (webtiles) character file.

Game seed: 10875868166906060017

2376 enile the Covert (level 9, -8/55 HPs)
             Began as a Kobold Enchanter on May 15, 2022.
             Was an Elder of Makhleb.
             Killed from afar by a manticore (11 damage)
             ... with a volley of spikes
             ... on level 7 of the Dungeon.
             The game lasted 00:14:04 (7485 turns).

enile the Covert (Kobold Enchanter)                 Turns: 7485, Time: 00:14:04

Health: -8/55      AC: 16    Str:  5    XL:     9   Next: 73%
Magic:  12/13      EV: 14    Int: 20    God:    Makhleb [****..]
Gold:   188        SH:  0    Dex: 19    Spells: 7/14 levels left

rFire   . . .      SeeInvis .   p - +6 dagger "Ehatithreat" {protect, Drain rN+++ rCorr Int+3}
rCold   + . .      Faith    .   (no shield)
rNeg    + + +      Spirit   .   z - +1 leather armour {Will+}
rPois   .          Reflect  .   o - +2 helmet
rElec   .          Harm     .   w - +1 cloak {Stlth+}
rCorr   +          Rampage  .   (no gloves)
Will    +....                   (no boots)
Stlth   ++++++....              (no amulet)
HPRegen 0.18/turn               A - ring of protection from cold
MPRegen 0.13/turn               (no ring)

@: marked, spiked, under a protective aura
A: small, no large weapons, nightstalker 3
a: Renounce Religion, Minor Destruction, Lesser Servant of Makhleb, Major
Destruction


You were on level 7 of the Dungeon.
You worshipped Makhleb.
Makhleb was greatly pleased with you.
You visited 1 branch of the dungeon, and saw 7 of its levels.

You collected 188 gold pieces.

Inventory:

Hand Weapons
 a - a +1 dagger
 p - the +6 dagger "Ehatithreat" (weapon) {protect, Drain rN+++ rCorr Int+3}
   (You found it on level 3 of the Dungeon)

   It grants its wielder temporary protection when it strikes (+7 to AC).
   Int:       It affects your intelligence (+3).
   rN:        It renders you almost immune to negative energy.
   rCorr:     It protects you from acid and corrosion.
   Drain:     It drains your maximum health when unequipped.
Armour
 b - a +0 robe
 m - a scarf of invisibility
 o - a +2 helmet (worn)
 w - a +1 cloak of stealth (worn)
 z - a +1 leather armour of willpower (worn)
Jewellery
 A - a ring of protection from cold (left hand)
Wands
 f - a wand of iceblast (6)
 r - a wand of mindburst (12)
Scrolls
 c - a scroll of fog
 e - 4 scrolls of vulnerability
 g - a scroll of teleportation
 h - 2 scrolls of enchant armour
 j - a scroll of noise
 n - 3 scrolls of immolation
 x - a scroll of brand weapon
 y - a scroll of enchant weapon
Potions
 d - a potion of ambrosia
 i - 2 potions of degeneration
 l - a potion of mutation {unknown}
 q - a potion of lignification {unknown}
 s - 2 potions of curing {unknown}
 t - a potion of cancellation {unknown}
 u - 2 potions of heal wounds {unknown}
 v - a potion of brilliance {unknown}
 B - a potion of magic {unknown}


   Skills:
 - Level 6.0 Fighting
 - Level 5.0 Short Blades
 - Level 2.4 Dodging
 - Level 8.0 Stealth
 - Level 3.0 Spellcasting
 - Level 4.0 Conjurations
 + Level 4.4 Hexes
 - Level 4.0 Invocations
 - Level 7.0 Evocations


You had 7 spell levels left.
You knew the following spells:

 Your Spells              Type           Power      Damage    Failure   Level
a - Ensorcelled Hibernat  Hex/Ice        22%        N/A       14%         2
b - Tukima's Dance        Hex            20%        N/A       12%         3
c - Searing Ray           Conj           38%        2d5       7%          2

Your spell library contained the following spells:

 Spells                   Type           Power      Damage    Failure   Level
 Magic Dart               Conj           76%        1d6       4%          1
 Confusing Touch          Hex            20%        N/A       12%         3
 Dazzling Flash           Conj/Hex       38%        N/A       13%         3
 Fulminant Prism          Conj/Hex       9%         3d7       38%         4
 Silence                  Hex/Air        5%         N/A       95%         5


Dungeon Overview and Level Annotations

Branches:
Dungeon (7/15)             Temple (0/1) D:4

Altars:
Ashenzari
Cheibriados
Fedhas
Makhleb
Qazlal
Xom
Yredelemnul
Zin


Innate Abilities, Weirdness & Mutations

You are small and have problems with some larger weapons.
You are completely attuned to the shadows.


Message History

What are your orders? t - Shout!
Orders for allies: a - Attack new target. r - Retreat! s - Stop attacking. g - Guard the area. f - Follow me.
Anything else - Cancel.
Gang up on whom?
Press: ? - help, Dir - move target, f - manticore
Aim: a manticore (ally target) Attack!
You are engulfed in a cloud of scalding steam.
Your hellwing hits the manticore! x2
The manticore bites you. The manticore claws you.
The manticore claws you but does no damage.
Your hellwing hits the manticore but does no damage.
Your hellwing hits the manticore.
Really walk into that cloud of steam? [Y]es or [N]o only, please.
Really walk into that cloud of steam? [Y]es or [N]o only, please.
Really walk into that cloud of steam?
Okay, then.
You hit the manticore.
The manticore is moderately wounded.
The manticore bites you!
* * * LOW HITPOINT WARNING * * *
The manticore claws you but does no damage.
The manticore claws you.
* * * LOW HITPOINT WARNING * * *
Your hellwing hits the manticore but does no damage.
Your hellwing hits the manticore.
Okay, then.
Press: ? - help, v - describe, . - travel, g - get item
Here: a manticore (moderately wounded, ally target)
Items here: ( ) [[ †.
The floor, spattered with blood.
The manticore flicks its tail.
The volley of spikes hits you!
The barbed spikes become lodged in your body.
You die...

>.# ###.....### #.#
<............ #.#
............. #.#
##.####.......#
#§###4.............
#.@.H5.............
#####).##.#.(......
#..##.#..).....
#..........#...
#.##†.####.###.
#.##..# .# #.
#.##..# #. #.##..#
## #


You could see a manticore (ally target), a shadow imp and a friendly hellwing
(summoned).

Vanquished Creatures
  Prince Ribbit (D:7)
  2 steam dragons (D:7)
  2 orc warriors
  2 sky beasts (D:6)
  A black bear (D:4)
  A necrophage (D:5)
  2 centaurs
  A bullfrog (D:6)
  A water moccasin zombie (D:6)
  2 wyvern skeletons
  2 scorpions
  4 wights (D:7)
  A killer bee (D:6)
  A bullfrog zombie (D:5)
  A centaur zombie (D:4)
  2 hounds
  An orc priest (D:6)
  Crazy Yiuf (D:4)
  Ijyb (D:5)
  3 orc wizards
  A hound zombie (D:4)
  2 hound skeletons (D:4)
  A howler monkey zombie (D:5)
  6 adders
  A shadow imp (D:7)
  2 ufetubi (D:6)
  8 dart slugs
  2 worms
  24 orcs
  5 ball pythons (D:3)
  5 endoplasms
  3 giant cockroaches
  8 goblins
  13 hobgoblins
  5 jackals (D:1)
  5 bats
  5 frilled lizards
  12 kobolds
  5 rats
145 creatures vanquished.

Vanquished Creatures (collateral kills)
  A kobold brigand (D:6)
  A scorpion (D:6)
  An orc (D:5)
3 creatures vanquished.

Vanquished Creatures (others)
  A dancing weapon (D:7)
  4 withered plants (D:1)
5 creatures vanquished.

Grand Total: 153 creatures vanquished

Notes
Turn   | Place    | Note
-------+----------+-------------------------------------------
     0 | D:1      | enile the Kobold Enchanter began the quest for the Orb.
     0 | D:1      | Reached XP level 1. HP: 10/10 MP: 3/3
   299 | D:1      | Reached skill level 1 in Fighting
   379 | D:1      | Reached XP level 2. HP: 14/16 MP: 5/5
   382 | D:1      | Learned a level 2 spell: Ensorcelled Hibernation
   839 | D:1      | Reached XP level 3. HP: 21/21 MP: 6/6
   852 | D:1      | Found a faded altar of an unknown god.
   857 | D:1      | Prayed at the altar of an unknown god.
   857 | D:1      | Became a worshipper of Makhleb the Destroyer
   857 | D:1      | Reached * piety under Makhleb
  1294 | D:1      | Reached skill level 5 in Stealth
  1820 | D:2      | Found a shimmering altar of Xom.
  1823 | D:2      | Reached XP level 4. HP: 26/26 MP: 7/7
  2330 | D:2      | Reached ** piety under Makhleb
  2405 | D:2      | Reached skill level 6 in Stealth
  2410 | D:2      | Learned a level 3 spell: Tukima's Dance
  2813 | D:3      | Identified the +6 dagger "Ehatithreat" {protect, Drain
                  | rN+++ rCorr Int+3}
  2966 | D:3      | Reached XP level 5. HP: 26/30 MP: 8/8
  2985 | D:3      | Reached skill level 1 in Evocations
  3145 | D:3      | Found a broken altar of Ashenzari.
  3381 | D:4      | Found a basalt altar of Yredelemnul.
  3620 | D:4      | Reached skill level 1 in Invocations
  3620 | D:4      | Reached XP level 6. HP: 35/35 MP: 9/9
  3887 | D:4      | Found a staircase to the Ecumenical Temple.
  3951 | D:4      | Noticed a black bear
  3957 | D:4      | Killed a black bear
  4049 | D:4      | Found a runed translucent door.
  4052 | D:4      | Noticed Crazy Yiuf
  4085 | D:4      | Reached *** piety under Makhleb
  4391 | D:4      | Killed Crazy Yiuf
  4392 | D:4      | Reached XP level 7. HP: 40/40 MP: 10/10
  4437 | D:5      | Entered Level 5 of the Dungeon
  4549 | D:5      | Noticed Ijyb
  4553 | D:5      | Killed Ijyb
  4568 | D:5      | Learned a level 2 spell: Searing Ray
  4839 | D:5      | Found a burning altar of Makhleb.
  5247 | D:6      | Reached XP level 8. HP: 48/48 MP: 12/12
  5506 | D:6      | Reached skill level 7 in Stealth
  5533 | D:6      | Reached skill level 8 in Stealth
  5865 | D:6      | Reached skill level 5 in Fighting
  6084 | D:6      | Found a snail-covered altar of Cheibriados.
  6126 | D:6      | Found a shimmering altar of Xom.
  6220 | D:6      | Found a glowing silver altar of Zin.
  6294 | D:6      | Found a stormy altar of Qazlal.
  6294 | D:6      | Found a blossoming altar of Fedhas.
  6681 | D:6      | Reached XP level 9. HP: 55/55 MP: 13/13
  6701 | D:6      | Reached skill level 5 in Short Blades
  6713 | D:6      | Reached **** piety under Makhleb
  6917 | D:6      | Got the Almanac of Curses
  7099 | D:7      | Reached skill level 5 in Evocations
  7436 | D:7      | Noticed Prince Ribbit
  7439 | D:7      | Killed Prince Ribbit
  7467 | D:7      | Noticed a manticore
  7484 | D:7      | HP: 2/55 [manticore (4)]
  7485 | D:7      | Killed from afar by a manticore

Illustrated notes

Levels and vault maps discovered:
D:1:      dpeg_arrival_rooms_c, layout_loops_ring,
          ebering_ecumenical_altar_petrified, hangedman_feature_mirror
D:2:      layout_rooms, basic_altar
D:3:      layout_rooms, mainiacjoe_overflow_surrounded_room,
          minmay_misc_feat_pillars
D:4:      layout_cave_pods, lemuel_zombie_altar_yredelemnul,
          minmay_temple_entry_statues_fountains, grunt_decor_mini_mirrors,
          uniq_crazy_yiuf_cottage
D:5:      layout_cave_pools, mainiacjoe_overflow_small_starburst, uniq_ijyb
D:6:      layout_basic, grunt_temple_overflow_forces_of_nature,
          general_overflow_altar, mainiacjoe_overflow_brackets, zin_academy
D:7:      layout_loops_ring, tgw_kikubaaqudgha, nemelex_dance_club_becter,
          enter_bailey_2, minmay_misc_feat_room, minmay_microvault,
          uniq_prince_ribbit1, uniq_duvessa

Skill      XL: |  1  2  3  4  5  6  7  8  9 |
---------------+----------------------------+-----
Fighting       | 1 2 4 6 |  6.0
Stealth        | 5 6 8 |  8.0
Short Blades   | 3 4 5 |  5.0
Evocations     | 4 7 |  7.0
Invocations    | 1 3 4 |  4.0
Conjurations   | 3 4 |  4.0
Spellcasting   | 3 |  3.0
Hexes          | 4 |  4.4
Dodging        | |  2.4

Action                   |  1- 3 |  4- 6 |  7- 9 || total
-------------------------+-------+-------+-------++-------
Melee: Dagger            |   122 |   131 |   175 ||   428
       Punch             |     1 |     1 |     2 ||     4
Throw: Dart              |       |     1 |     5 ||     6
 Cast: Ensorcelled Hiber |    10 |     7 |     4 ||    21
       Searing Ray       |       |       |    16 ||    16
       Tukima's Dance    |       |       |     6 ||     6
Invok: Lesser Servant of |       |       |     2 ||     2
       Minor Destruction |       |       |     1 ||     1
Evoke: Wand              |       |       |     9 ||     9
  Use: Scroll            |     1 |       |    11 ||    12
       Potion            |     1 |       |     4 ||     5
 Stab: Sleeping          |    23 |    28 |    23 ||    74
Armor: Robe              |    18 |    22 |     9 ||    49
       Leather armour    |       |       |    55 ||    55
Dodge: Dodged            |    94 |    76 |   140 ||   310
